 Dungeon Crawl Stone Soup version 0.24.0-13-gcf9b3192b9 (webtiles) character file.

Game seed: 14887976543984465301, levelgen mode: deterministic

128 Monsterracer the Poker (level 5, -1/75 HPs)
             Began as a Naga Chaos Knight on Nov 6, 2019.
             Was a Plaything of Xom.
             Slain by an adder (4 damage)
             ... on level 3 of the Dungeon.
             The game lasted 00:02:02 (2217 turns).

Monsterracer the Poker (Naga Chaos Knight)          Turns: 2217, Time: 00:02:02

Health: -1/75      AC:  5    Str: 20    XL:     5   Next: 12%
Magic:  5/5        EV:  9    Int: 18    God:    Xom [*.....]
Gold:   175        SH:  0    Dex: 10    Spells: 4/4 levels left

rFire    . . .     SeeInvis +   b - +0 quarterstaff
rCold    . . .     Gourm    +   (shield currently unavailable)
rNeg     . . .     Faith    .   o - +2 leather armour
rPois    +         Spirit   .   (no helmet)
rElec    .         Reflect  .   (no cloak)
rCorr    .         Harm     .   (no gloves)
MR       .....                  (no barding)
Stlth    ..........             k - amulet of the gourmand
HPRegen  0.22/turn              q - ring of attention (curse)
MPRegen  0.09/turn              (no ring)

@: confused, brilliant, berserking (expiring), lethally poisoned (-1 -> -11),
quick
A: large, see invisible, deformed body, poison resistance, slowness 2, slow
metabolism 1, spit poison 1, AC +1
a: Spit Poison, Renounce Religion


You were on level 3 of the Dungeon.
You worshipped Xom.
You were a special plaything of Xom.
You were not hungry.

You visited 1 branch of the dungeon, and saw 3 of its levels.

You collected 175 gold pieces.

Inventory:

Hand Weapons
 a - a +0 spear of chaos
 b - a +0 quarterstaff (weapon)
   (You found it on level 3 of the Dungeon)
Armour
 o - a +2 leather armour (worn)
Jewellery
 k - an amulet of the gourmand (around neck)
   (You found it on level 2 of the Dungeon)
 m - an uncursed ring of ice
   (You took it off a kobold on level 2 of the Dungeon)
 q - a cursed ring of attention (left hand)
   (You found it on level 3 of the Dungeon)
Wands
 r - a wand of disintegration (13)
   (You took it off a kobold on level 3 of the Dungeon)
Scrolls
 e - 2 scrolls of teleportation {unknown}
 f - 4 scrolls of remove curse {unknown}
 i - 4 scrolls of identify {unknown}
 j - 2 scrolls of blinking {unknown}
 l - a scroll of immolation {unknown}
Potions
 d - a potion of flight {unknown}
 g - a potion of agility {unknown}
 n - a potion of curing {unknown}
 p - a potion of heal wounds {unknown}
 s - a potion of berserk rage {!q}
 z - a potion of brilliance
Comestibles
 c - 7 rations


   Skills:
 - Level 3.9 Fighting
 - Level 4.7(4.8) Polearms
 + Level 1.3(3.2) Staves
 - Level 1.5 Armour
 - Level 0.7 Dodging


You had 4 spell levels left.
You didn't know any spells.
Your spell library was empty.

Dungeon Overview and Level Annotations

Branches:
Dungeon (3/15)

Altars:


Innate Abilities, Weirdness & Mutations

You cannot wear boots.
Your serpentine skin is tough. (AC +1)
You have supernaturally acute eyesight. (SInv)
Armour fits poorly on your strangely shaped body.
Your system is resistant to poisons. (rPois)
You cover ground very slowly.
You have a slow metabolism.
You can spit poison.


Message History

An orc comes into view. It is wielding a +0 hand axe.
The orc hits you with a +0 hand axe.
An orc is nearby!
You barely miss the orc. The orc hits you but does no damage.
An orc is nearby!
You hit the orc.
The orc is almost dead.
The orc hits you with a +0 hand axe!
An orc is nearby!
You sock the orc!
You kill the orc!
No target in view!
You see here a +0 hand axe.
A goblin comes into view.
A goblin is nearby!
A goblin is nearby!
You hit the goblin.
You kill the goblin!
Your base Staves skill increases to level 1!
No target in view!
You see here a goblin corpse.
An adder comes into view.
The adder hisses angrily.
An adder comes into view.
The adder hisses angrily.
A worm comes into view.
The adder bites you.
You are poisoned.
The adder poisons you! The adder barely misses you. The adder bites you.
You are more poisoned.
The adder poisons you! The adder bites you but does no damage.
There are monsters nearby!
You sock the adder!
The adder is almost dead.
You feel sick. The adder bites you but does no damage.
The adder closely misses you. The adder bites you.
You feel sick. The adder bites you. x2
You are more poisoned.
The adder poisons you! The adder bites you.
You feel sick.
You completely miss the adder.
You feel sick. The adder closely misses you. The adder bites you.
You closely miss the adder.
You feel sick. The adder barely misses you.
The adder bites you but does no damage. x2
You miss the adder.
You feel sick. The adder barely misses you. x3
Press: ? - help, Shift-Dir - straight line, f - adder
Aim: an adder The splash of poison misses the adder.
You feel slightly more hungry.
You feel sick. The adder bites you.
* * * LOW HITPOINT WARNING * * *
You are more poisoned.
The adder poisons you! The adder bites you.
* * * LOW HITPOINT WARNING * * *
The adder bites you but does no damage.
You closely miss the adder.
You feel sick. The adder barely misses you.
The adder bites you but does no damage. The adder bites you.
* * * LOW HITPOINT WARNING * * *
Unknown command.
You closely miss the adder.
The adder is severely wounded.
You have got your breath back.
You feel sick.
The adder bites you but does no damage. x3
It was a potion of brilliance.
You feel clever all of a sudden.
Xom thinks this is hilarious!
z - a potion of brilliance You feel sick.
The adder bites you but does no damage. The adder bites you.
* * * LOW HITPOINT WARNING * * *
The adder bites you.
* * * LOW HITPOINT WARNING * * *
It was a potion of berserk rage.
A red film seems to cover your vision as you go berserk!
You feel yourself moving faster!
You feel mighty!
You feel sick. "Heh heh heh..."
You are confused.
The adder barely misses you. The adder bites you.
* * * LOW HITPOINT WARNING * * *
You are lethally poisoned!
The adder poisons you!
Unknown command.
You bump into the rock wall.
You feel a strong urge to attack something.
* * * LOW HITPOINT WARNING * * *
You feel sick. The adder barely misses you. The adder completely misses you.
You bludgeon the adder!!
You kill the adder!
* * * LOW HITPOINT WARNING * * *
You feel sick. The adder closely misses you.
Unknown command.
You bump into the rock wall.
* * * LOW HITPOINT WARNING * * *
You feel sick. The adder bites you.
* * * LOW HITPOINT WARNING * * *
You bump into the rock wall.
You feel a strong urge to attack something.
* * * LOW HITPOINT WARNING * * *
You feel sick. The adder bites you but does no damage.
Unknown command.
You bump into the rock wall.
The adder bites you.
You die...

.# #.# .# #.# .# #.# ###
.# #.###### .. .###
#......####.#
...########..........#
##........#.####†##..##..
#.#.#.#..#....#S##.....#
#.#..#.#.####.#@w..#...#
#.#........)..###....#
############### ######


You could see a worm and an adder.

Vanquished Creatures
  A howler monkey (D:2)
  An adder (D:3)
  An adder skeleton (D:3)
  2 worms (D:2 D:3)
  2 dart slugs (D:1 D:2)
  2 leopard geckos (D:1)
  An orc (D:3)
  8 bats (D:1 D:2 D:3)
  A giant cockroach (D:1)
  7 goblins (D:1 D:2 D:3)
  11 hobgoblins (D:1 D:2 D:3)
  3 jackals (D:1)
  7 frilled lizards (D:1 D:2 D:3)
  8 kobolds (D:1 D:2 D:3)
  8 rats (D:1 D:3)
63 creatures vanquished.

Notes
Turn   | Place    | Note
-------+----------+-------------------------------------------
     0 | D:1      | Monsterracer the Naga Chaos Knight began the quest for the
                  | Orb.
     0 | D:1      | Reached XP level 1. HP: 21/21 MP: 1/1
   119 | D:1      | Reached XP level 2. HP: 25/28 MP: 2/2
   362 | D:1      | Reached XP level 3. HP: 32/34 MP: 3/3
   432 | D:1      | XOM: divination: detect items
   529 | D:1      | Reached skill level 4 in Polearms
   540 | D:1      | XOM: silly message
   659 | D:1      | XOM: harmless Conj miscast
   865 | D:2      | XOM: noise
   874 | D:2      | Reached XP level 4. HP: 44/44 MP: 4/4
  1299 | D:2      | XOM: harmless Pois miscast
  1541 | D:3      | XOM: summons 2 hostile shadow creatures
  1609 | D:3      | XOM: enchant monster (bad)
  1896 | D:3      | HP: 21/44 [disintegration (21)]
  2051 | D:3      | XOM: 4-stop teleportation journey
  2069 | D:3      | Reached XP level 5. HP: 49/50 MP: 5/5
  2197 | D:3      | Reached skill level 1 in Staves
  2206 | D:3      | HP: 25/50 [poisoned by an adder]
  2211 | D:3      | HP: 12/50 [poisoned by an adder]
  2212 | D:3      | XOM: confusion
  2214 | D:3      | HP: 5/75 [poisoned by an adder]
  2217 | D:3      | Slain by an adder

Levels and vault maps discovered:
D:1:      scummos_arrival_hexagon, layout_basic, columned_hall_lemuel,
          minivault_24
D:2:      layout_loops_ring
D:3:      minmay_thinvault, layout_loops_ring

Skill      XL: |  1  2  3  4  5 |
---------------+----------------+-----
Polearms       | 4 |  4.7
Staves         | 1 |  1.3
Fighting       | |  3.9
Armour         | |  1.5
Dodging        | |  0.7

Action                   |  1- 3 |  4- 6 || total
-------------------------+-------+-------++-------
Melee: Spear             |    90 |    57 ||   147
       Quarterstaff      |       |    29 ||    29
 Abil: Spit Poison       |     3 |     4 ||     7
  Use: Potion            |       |     2 ||     2
 Stab: Sleeping          |     1 |       ||     1
  Eat: Chunk             |       |     4 ||     4
Armor: Leather armour    |    28 |    28 ||    56
Dodge: Dodged            |    37 |    33 ||    70
